Map: Heavy Artillery LE

Players

pooh

  • Race: Terran Terran
  • Spawn Location: 3:00

Hertz

  • Race: Zerg Zerg
  • Spawn Location: 1:00

Massa - Winner!

  • Race: Terran Terran
  • League: Gold
  • Spawn Location: 7:00

qqq - Winner!

  • Race: Protoss Protoss
  • League: Platinum
  • Spawn Location: 7:00

VOD

Have the link to the VOD?

Description

Time

  • Played on: June 6, 2020, 3:22 p.m.
  • Length: 8:32
Show
View Real Time Build Order
Export as new Build Order

pooh Terran 

Build Orders: Liberator Opening 

Get SALT Encoding   

  12  0:01  SCV  
  13  0:13  SCV  
  14  0:18  Supply Depot  
  14  0:25  SCV  
  15  0:29  Refinery  
  15  0:40  SCV  
  16  0:46  Barracks  
  16  0:52  SCV  
  17  1:01  Refinery  
  17  1:04  SCV  
  18  1:16  SCV  
  19  1:28  SCV  
  20  1:35  Reaper  
  20  1:36  Supply Depot  
  21  1:45  Factory  
  21  1:49  Orbital Command  
  21  2:17  Marine  
  22  2:25  SCV  
  23  2:30  Factory Reactor  
  23  2:34  Starport  
  23  2:38  SCV  
  24  2:51  SCV  
  24  2:54  Marine  
  25  3:01  Command Center  
  25  3:16  SCV  
  26  3:20  Supply Depot  
  26  3:31  Factory Tech Lab  
  26  3:32  Liberator  
  29  3:38  Liberator, Marine  
  33  3:43  Supply Depot  
  33  3:53  Siege Tank  
  36  4:18  Liberator  
  39  4:24  Liberator  
  42  4:35  Marine  
  43  4:53  Marine  
  38  5:35  Orbital Command  
  38  5:37  Marine  
  38  5:40  Siege Tank  
  38  5:41  Medivac x2  
  46  5:50  Barracks  
  46  5:51  Barracks  
  46  5:55  Marine, Engineering Bay  
  47  6:31  Liberator x2  
  50  6:43  Barracks Reactor  
  50  6:47  Barracks Tech Lab  
  50  6:51  Missile Turret  
  39  7:10  Marine  
  40  7:27  Marine  
  32  7:38  Marine  
  32  7:39  Marine  
  32  7:40  Viking x2  
  37  7:56  Marine  
  37  7:57  Marine  
  39  8:01  Barracks Tech Lab  
Show
View Real Time Build Order
Export as new Build Order

Hertz Zerg 

Build Orders: Pool First 

Get SALT Encoding   

  12  0:01  Drone  
  13  0:13  Overlord  
  13  0:17  Drone  
  14  0:31  Drone x2  
  14  0:35  Drone  
  17  0:46  Extractor  
  17  0:47  Drone  
  17  0:51  Spawning Pool  
  17  0:56  Drone  
  17  1:13  Drone  
  18  1:21  Hatchery  
  17  1:38  Queen  
  17  1:39  Drone  
  20  1:48  Metabolic Boost  
  20  1:51  Drone x2  
  22  2:07  Overlord  
  22  2:26  Zergling x2  
  23  2:35  Drone x3  
  26  2:37  Zergling x2  
  27  2:49  Queen  
  27  2:50  Extractor, Roach Warren, Queen  
  29  2:53  Drone x2  
  31  3:05  Drone  
  31  3:06  Drone x2  
  31  3:11  Overlord  
  34  3:22  Drone x2  
  36  3:29  Lair  
  36  3:50  Roach  
  36  3:51  Zergling x8  
  36  3:52  Zergling x2  
  43  4:09  Drone  
  44  4:11  Overlord  
  44  4:15  Extractor  
  43  4:19  Extractor  
  41  4:28  Spore Crawler  
  39  4:32  Spore Crawler  
  38  4:39  Hydralisk Den  
  37  4:51  Hatchery  
  34  4:59  Zergling x2  
  33  5:00  Zergling x2  
  33  5:16  Drone x8  
  33  5:17  Drone x2  
  33  5:18  Spore Crawler  
  42  5:38  Drone x5  
  47  5:42  Overlord  
  47  5:43  Overlord x4  
  47  6:01  Hydralisk x3  
  53  6:11  Drone x5  
  56  6:21  Grooved Spines  
  54  6:29  Spore Crawler  
  53  6:35  Spore Crawler  
  53  6:37  Queen  
  54  6:47  Evolution Chamber  
  54  6:49  Evolution Chamber  
  52  7:07  Roach x4  
  52  7:08  Roach x6  
  64  7:09  Zergling x6  
  64  7:10  Zergling x4  
  63  7:35  Hydralisk  
  63  7:36  Hydralisk x7  
  70  7:55  Ravager x5  
  69  8:00  Hydralisk x2  
  69  8:01  Hydralisk x2  
Show
View Real Time Build Order
Export as new Build Order

Massa Terran - Winner!

Build Orders:  

Get SALT Encoding   

  12  0:13  Supply Depot  
  12  0:16  SCV  
  13  0:28  SCV  
  14  0:36  Barracks  
  14  0:40  SCV  
  15  0:52  SCV  
  16  1:02  Supply Depot  
  16  1:04  SCV  
  17  1:15  Supply Depot  
  18  1:20  SCV  
  18  1:28  Marine  
  19  1:33  Orbital Command  
  19  1:35  Refinery  
  19  1:44  Barracks  
  19  1:46  Marine  
  20  1:58  SCV  
  21  2:04  Marine  
  22  2:10  SCV  
  23  2:17  Supply Depot  
  24  2:29  Reaper  
  24  2:37  Marine  
  25  2:51  Command Center  
  25  2:55  Marine  
  26  2:59  Refinery  
  26  3:01  Marine  
  27  3:12  Marine  
  28  3:22  Engineering Bay  
  28  3:29  Factory  
  28  3:33  Barracks Reactor  
  28  3:37  Barracks Tech Lab  
  28  3:43  Barracks  
  28  3:51  SCV  
  29  4:03  SCV  
  29  4:07  Marauder  
  32  4:11  Terran Infantry Weapons Level 1  
  32  4:15  SCV  
  33  4:30  Factory Tech Lab  
  33  4:34  Marine  
  33  4:35  Marauder, Marine  
  37  4:38  Barracks Reactor  
  37  4:52  Marine x2  
  37  4:56  Marauder  
  41  5:02  SCV x2  
  43  5:09  Supply Depot  
  43  5:14  SCV x2  
  43  5:26  SCV x2  
  45  5:36  Missile Turret  
  45  5:38  SCV x2  
  47  5:47  Marauder, Marine x2  
  47  5:48  Marine x2  
  53  5:50  SCV x2  
  53  5:54  Siege Tank  
  58  5:59  Stimpack  
  58  6:02  SCV x2  
  60  6:05  Marine x2  
  62  6:14  SCV, Marauder  
  62  6:15  SCV  
  66  6:21  Supply Depot  
  66  6:26  SCV  
  66  6:27  SCV  
  66  6:31  Terran Infantry Armor Level 1  
  68  6:35  Marauder  
  68  6:36  Armory  
  70  6:42  SCV x2  
  70  6:44  Supply Depot  
  72  6:54  SCV  
  72  6:57  Marauder  
  72  7:04  Marine x3  
  72  7:05  Marine  
  72  7:06  Supply Depot  
  68  7:18  Marauder  
  68  7:22  Marine x4  
  74  7:30  Supply Depot  
  74  7:39  Marauder  
  74  7:40  Marine x3  
  74  7:42  Marine  
  86  7:58  Marine x3  
  89  8:01  Marauder  
  89  8:03  Orbital Command  
  91  8:07  Refinery x2  
Show
View Real Time Build Order
Export as new Build Order

qqq Protoss - Winner!

Build Orders: Phoenix Opening, Mass Phoenix 

Get SALT Encoding   

  12  0:03  Probe  
  13  0:17  Pylon  
  13  0:18  Probe  
  14  0:30  Probe  
  15  0:37  Gateway  
  15  0:42  Assimilator  
  15  0:46  Probe  
  16  0:58  Probe  
  17  1:10  Probe  
  18  1:22  Probe  
  18  1:24  Cybernetics Core  
  19  1:34  Probe  
  20  1:40  Pylon  
  20  1:55  Probe  
  20  1:59  Assimilator  
  21  2:07  Stargate  
  21  2:08  Pylon  
  21  2:09  Pylon  
  20  2:23  Stalker  
  22  2:32  Probe  
  23  2:45  Probe  
  24  2:52  Nexus  
  24  3:00  Phoenix (Chrono Boost)  
  26  3:19  Phoenix (Chrono Boost)  
  28  3:40  Phoenix  
  30  4:05  Phoenix  
  32  4:12  Pylon  
  32  4:21  Nexus  
  32  4:28  Stargate  
  32  4:30  Phoenix  
  34  4:34  Probe  
  35  4:46  Probe  
  34  4:58  Probe  
  34  5:01  Phoenix  
  36  5:10  Probe  
  36  5:11  Assimilator  
  37  5:22  Probe  
  37  5:26  Phoenix  
  40  5:34  Probe, Phoenix  
  43  5:43  Probe  
  43  5:46  Probe  
  45  5:55  Probe  
  46  5:59  Probe  
  47  6:07  Probe  
  47  6:11  Probe, Protoss Air Weapons Level 1  
  49  6:19  Probe  
  49  6:23  Probe  
  49  6:24  Phoenix x2  
  53  6:31  Probe  
  54  6:49  Phoenix x2  
  58  7:14  Probe x2, Phoenix x2  
  64  7:17  Assimilator  
  64  7:26  Probe x2  
  64  7:38  Probe x2  
  64  7:39  Phoenix  
  68  7:50  Probe x2  
  70  7:54  Fleet Beacon  
  70  8:00  Assimilator  
  70  8:02  Probe x2, Assimilator  
  72  8:14  Probe x2  
Tags
 
Add a new tag
Caveats
  • Supply blocks, unpowered buildings, or Contaminate may cause inaccurate times.
  • Supply counts are checked every 10 seconds.